 Dungeon Crawl Stone Soup version 0.22-a0-271-gc000056 (webtiles) character file.

3507 tidbits the Martial Artist (level 10, 18/74 HPs)
             Began as a Gnoll Transmuter on Mar 11, 2018.
             Was a Believer of Cheibriados.
             Quit the game on level 7 of the Dungeon.
             The game lasted 00:28:19 (2919 turns).

tidbits the Martial Artist (Gnoll Transmuter)       Turns: 2919, Time: 00:28:20

Health: 18/74      AC:  5    Str: 14    XL:     10   Next: 7%
Magic:  20/20      EV: 17    Int: 23    God:    Cheibriados [**....]
Gold:   31         SH:  0    Dex: 20    Spells: 5/23 levels left

rFire    + . .     SeeInvis .   c - 9 rations
rCold    . . .     Gourm    .   (no shield)
rNeg     . . .     Faith    .   b - +0 robe
rPois    .         Spirit   .   (no helmet)
rElec    +         Reflect  .   C - +2 cloak
rCorr    .         Harm     .   (no gloves)
MR       .....                  (no boots)
Stlth    ++++......             f - amulet of magic regeneration (curse)
HPRegen  0.22/turn              n - ring of stealth
MPRegen  0.42/turn              J - ring of protection from fire

@: seriously poisoned (18 -> 5), hasted
A: distributed training, fangs 1, electricity resistance, weak 1, strong nose
a: Bend Time, Renounce Religion


You were on level 7 of the Dungeon.
You worshipped Cheibriados.
Cheibriados was pleased with you.
You were not hungry.

You visited 3 branches of the dungeon, and saw 11 of its levels.

You collected 384 gold pieces.
You spent 353 gold pieces at shops.

Inventory:

Hand Weapons
 a - the +8 dagger "Mivequ Tim" {chaos, *Drain +Blink rN+++ Str+3}
   (You found it on level 6 of the Dungeon)

   Each time it hits an enemy it has a different, random effect.
   It affects your strength (+3).
   It renders you almost immune to negative energy.
   It lets you blink.
   It causes draining when unequipped.
   Cheibriados disapproves of the use of such an item.
 g - a +0 dagger
 v - a +0 shortbow
 w - a +0 war axe
 z - a +2 hand axe of draining
   (You took it off an orc on level 4 of the Dungeon)
 D - a cursed -3 hand axe
 M - a +1 dagger of venom
   (You took it off an orc wizard on level 7 of the Dungeon)
Missiles
 h - 53 stones (quivered)
 o - 2 throwing nets {!f}
 s - 5 tomahawks
 x - 90 arrows
Armour
 b - a +0 robe (worn)
 p - a +0 shield
 A - a +0 cloak
 B - a +0 ring mail of positive energy
   (You found it on level 2 of the Dungeon)
 C - a +2 cloak (worn)
Jewellery
 f - a cursed amulet of magic regeneration (around neck)
   (You found it on level 1 of the Dungeon)
 k - an uncursed amulet of guardian spirit
   (You found it on level 2 of the Dungeon)
 n - a ring of stealth (left hand)
   (You found it on level 2 of the Dungeon)
 t - an uncursed amulet of the gourmand
   (You found it on level 8 of the Dungeon)
 J - a ring of protection from fire (right hand)
   (You found it on level 8 of the Dungeon)
Wands
 l - a wand of disintegration (9)
 H - a wand of enslavement (15)
Scrolls
 i - 3 scrolls of teleportation
 j - 3 scrolls of enchant weapon
 r - 6 scrolls of remove curse
 u - a scroll of immolation
 y - a scroll of fear
 G - a scroll of summoning
Potions
 d - a potion of resistance
 e - a potion of haste
 m - a potion of brilliance
 E - a potion of agility
 F - a potion of invisibility
 I - a potion of flight
 K - a potion of lignification
 L - a potion of degeneration
Comestibles
 c - 9 rations (in hand)


   Skills:
 + Level 5.5 Fighting
 + Level 4.8 Short Blades
 + Level 4.8 Long Blades
 + Level 4.8 Axes
 + Level 4.8 Maces & Flails
 + Level 4.8 Polearms
 + Level 4.8 Staves
 + Level 4.8 Slings
 + Level 4.8 Bows
 + Level 4.8 Crossbows
 + Level 4.8 Throwing
 + Level 4.8 Armour
 + Level 6.7 Dodging
 + Level 4.8 Stealth
 + Level 4.8 Shields
 + Level 8.2 Unarmed Combat
 + Level 7.0 Spellcasting
 + Level 4.0 Conjurations
 + Level 4.0 Hexes
 + Level 4.0 Charms
 + Level 4.0 Summonings
 + Level 4.0 Necromancy
 + Level 4.0 Translocations
 + Level 5.6 Transmutations
 + Level 4.0 Fire Magic
 + Level 4.0 Ice Magic
 + Level 4.0 Air Magic
 + Level 4.0 Earth Magic
 + Level 4.0 Poison Magic
 + Level 5.3 Invocations
 + Level 4.8 Evocations


You had 5 spell levels left.
You knew the following spells:

 Your Spells              Type           Power        Failure   Level  Hunger
e - Beastly Appendage     Tmut           ####..       1%          1    None
h - Blade Hands           Tmut           ####......   22%         5    #####..
k - Sticks to Snakes      Tmut           ####....     1%          2    None
p - Spider Form           Tmut/Pois      ####......   3%          3    None
r - Regeneration          Chrm/Necr      ####......   4%          3    None
N - Animate Dead          Necr           N/A          14%         4    ###....


Dungeon Overview and Level Annotations

Branches:
Dungeon (9/15)             Temple (1/1) D:6            Lair (0/6) D:8
    Orc (1/2) D:9

Altars:
Cheibriados
Hepliaklqana
Makhleb
Okawaru
Sif Muna
Trog
Uskayaw
Wu Jian
Yredelemnul
Zin

Shops:
D:4 =:*   D:8 ?


Innate Abilities, Weirdness & Mutations

Your experience applies equally to all skills.
You have very sharp teeth.
Your uncanny sense of smell can sniff out nearby items.
You are resistant to electric shocks. (rElec)
You are weak. (Str -2)


Message History

You feel very sick.
You bite something!
Cheibriados appreciates the change of pace.
You feel a bit more experienced.
* * * LOW HITPOINT WARNING * * *
You feel sick.
There is a lethal amount of poison in your body!
Unknown command.
* * * LOW HITPOINT WARNING * * *
You feel very sick.
Things that are here:
a glaive of venom; a chain mail Unknown command.
You can't wield anything in your present form.
Clearing level map.
You can't wield anything in your present form.
Unknown command.
Your transformation has ended.
Your +0 dagger unmelds from your body.
Your +2 cloak unmelds from your body.
Your +0 robe unmelds from your body.
* * * LOW HITPOINT WARNING * * *
You feel very sick.
* * * LOW HITPOINT WARNING * * *
You feel very sick.
Things that are here:
a dagger of venom; a robe Unknown command.
M - a dagger of venom
* * * LOW HITPOINT WARNING * * *
You feel sick.
Wield which item (- for none, * to show all)? (? for menu, Esc to quit)
c - 9 rations (in hand)
* * * LOW HITPOINT WARNING * * *
You feel sick.
You swing at nothing.
* * * LOW HITPOINT WARNING * * *
You feel very sick.
You swing at nothing.
* * * LOW HITPOINT WARNING * * *
You feel very sick.
Your ball python withers and dies!
You swing at nothing.
* * * LOW HITPOINT WARNING * * *
You feel very sick.
Your ball python withers and dies!
You swing at nothing.
* * * LOW HITPOINT WARNING * * *
You feel very sick.
You swing at nothing.
* * * LOW HITPOINT WARNING * * *
You feel very sick.
You swing at nothing.
* * * LOW HITPOINT WARNING * * *
You feel sick.
You feel much better.
* * * LOW HITPOINT WARNING * * *
You feel sick.
You swing at nothing.
* * * LOW HITPOINT WARNING * * *
You feel very sick.
You swing at nothing.
* * * LOW HITPOINT WARNING * * *
You feel sick.
You swing at nothing.
* * * LOW HITPOINT WARNING * * *
You feel very sick.
You swing at nothing.
* * * LOW HITPOINT WARNING * * *
You feel sick.
You swing at nothing.
* * * LOW HITPOINT WARNING * * *
You feel sick.
You swing at nothing.
* * * LOW HITPOINT WARNING * * *
You feel sick.
You swing at nothing.
* * * LOW HITPOINT WARNING * * *
You feel sick.
You swing at nothing.
* * * LOW HITPOINT WARNING * * *
You feel sick.
Your ball python withers and dies!
You swing at nothing.
* * * LOW HITPOINT WARNING * * *
You feel sick.
You swing at nothing.
* * * LOW HITPOINT WARNING * * *
You feel sick.
You swing at nothing.
* * * LOW HITPOINT WARNING * * *
You feel sick.
You swing at nothing.
* * * LOW HITPOINT WARNING * * *
You feel sick.
You feel much better.
You feel sick.
You swing at nothing.
You feel sick.
You swing at nothing.
You feel sick.
You swing at nothing.
You feel sick.
You swing at nothing.
You feel sick.
Are you sure you want to abandon this character and quit the game? (Confirm with "yes".)

#.....# #..........#...
#.....# #..............
#.....# #..........# ...
#..........# ....
##########.# .....
#....##.#
.....########.##....####
..................#....#
#....@.....##...#.##.#
#....)[)...##.###.##.#
#..........##.....##..
#.....†...............
#.....................
#.....................
#..........#####.#####
#..........# #.. ..
#......(...# #### ##


There were no monsters in sight!

Vanquished Creatures
  A two-headed ogre (D:8)
  A hippogriff (D:8)
  3 sky beasts
  An ice beast (D:8)
  3 phantoms
  An ogre (D:7)
  4 centaurs
  2 bullfrogs (D:7)
  2 scorpions
  4 killer bees (D:8)
  2 howler monkeys (D:8)
  A centaur zombie (D:5)
  3 crimson imps
  2 hounds
  2 centaur skeletons (D:8)
  3 jellies (D:7)
  2 orc priests
  A bullfrog skeleton (D:6)
  5 orc wizards
  4 worker ants
  A hound zombie (D:4)
  A hound skeleton (D:5)
  4 adders
  A shadow imp (D:8)
  An ooze (D:1)
  2 adder skeletons (D:4)
  5 dart slugs
  A leopard gecko (D:1)
  17 orcs
  A ball python (D:5)
  4 giant cockroaches
  4 goblins
  5 hobgoblins
  9 jackals
  A quokka (D:6)
  3 bats
  2 frilled lizards
  5 kobolds
  7 rats
121 creatures vanquished.

Vanquished Creatures (collateral kills)
  A hungry ghost (D:8)
  2 orc warriors (D:7)
  2 bullfrogs
  2 howler monkeys
  A centaur zombie (D:5)
  2 worker ants
  An adder (D:5)
  An orc (D:7)
  A giant cockroach (D:6)
  A rat (D:1)
14 creatures vanquished.

Grand Total: 135 creatures vanquished

Notes
Turn   | Place    | Note
-------+----------+-------------------------------------------
     0 | D:1      | tidbits the Gnoll Transmuter began the quest for the Orb.
     0 | D:1      | Reached XP level 1. HP: 17/17 MP: 6/6
    55 | D:1      | Reached XP level 2. HP: 23/23 MP: 7/7
    59 | D:1      | Learned a level 2 spell: Sticks to Snakes
   189 | D:1      | Reached XP level 3. HP: 19/28 MP: 9/9
   194 | D:1      | Learned a level 3 spell: Spider Form
   230 | D:1      | Reached skill level 5 in Spellcasting
   545 | D:2      | Reached skill level 1 in Invocations
   693 | D:3      | Reached skill level 1 in Short Blades
   693 | D:3      | Reached skill level 1 in Long Blades
   693 | D:3      | Reached skill level 1 in Axes
   693 | D:3      | Reached skill level 1 in Maces & Flails
   693 | D:3      | Reached skill level 1 in Polearms
   693 | D:3      | Reached skill level 1 in Staves
   693 | D:3      | Reached skill level 1 in Slings
   693 | D:3      | Reached skill level 1 in Bows
   693 | D:3      | Reached skill level 1 in Crossbows
   693 | D:3      | Reached skill level 1 in Throwing
   693 | D:3      | Reached skill level 1 in Armour
   693 | D:3      | Reached skill level 1 in Stealth
   693 | D:3      | Reached skill level 1 in Shields
   693 | D:3      | Reached skill level 1 in Evocations
   806 | D:4      | Noticed a centaur
   810 | D:4      | Killed a centaur
   810 | D:4      | Reached skill level 1 in Conjurations
   810 | D:4      | Reached skill level 1 in Hexes
   810 | D:4      | Reached skill level 1 in Charms
   810 | D:4      | Reached skill level 1 in Summonings
   810 | D:4      | Reached skill level 1 in Necromancy
   810 | D:4      | Reached skill level 1 in Translocations
   810 | D:4      | Reached skill level 1 in Fire Magic
   810 | D:4      | Reached skill level 1 in Ice Magic
   810 | D:4      | Reached skill level 1 in Air Magic
   810 | D:4      | Reached skill level 1 in Earth Magic
   810 | D:4      | Reached skill level 1 in Poison Magic
   810 | D:4      | Reached XP level 4. HP: 21/34 MP: 7/11
   810 | D:4      | Reached XP level 5. HP: 24/40 MP: 7/12
   824 | D:4      | Reached skill level 3 in Fighting
   860 | D:4      | Noticed a phantom
   875 | D:4      | Reached skill level 4 in Transmutations
   881 | D:4      | Found Covydgh Wyump's Jewellery Boutique.
   897 | D:4      | Killed a phantom
   897 | D:4      | Reached skill level 2 in Invocations
   897 | D:4      | Reached XP level 6. HP: 24/47 MP: 10/13
   912 | D:5      | Entered Level 5 of the Dungeon
   930 | D:4      | Reached skill level 2 in Short Blades
   930 | D:4      | Reached skill level 2 in Long Blades
   930 | D:4      | Reached skill level 2 in Axes
   930 | D:4      | Reached skill level 2 in Maces & Flails
   930 | D:4      | Reached skill level 2 in Polearms
   930 | D:4      | Reached skill level 2 in Staves
   930 | D:4      | Reached skill level 2 in Slings
   930 | D:4      | Reached skill level 2 in Bows
   930 | D:4      | Reached skill level 2 in Crossbows
   930 | D:4      | Reached skill level 2 in Throwing
   930 | D:4      | Reached skill level 2 in Armour
   930 | D:4      | Reached skill level 5 in Dodging
   930 | D:4      | Reached skill level 2 in Stealth
   930 | D:4      | Reached skill level 2 in Shields
   930 | D:4      | Reached skill level 2 in Evocations
   994 | D:4      | Found Kooxzex's Book Boutique.
  1036 | D:4      | Found an ornate altar of the Wu Jian Council.
  1045 | D:4      | Found Loloty's Assorted Antiques.
  1050 | D:4      | Bought an amethyst potion for 17 gold pieces
  1050 | D:4      | Bought a white potion for 17 gold pieces
  1050 | D:4      | Bought a scroll labeled LUEKHL MOSOUVUORPH for 19 gold pieces
  1259 | D:5      | Noticed a sky beast
  1272 | D:5      | Killed a sky beast
  1272 | D:5      | Reached XP level 7. HP: 6/52 MP: 11/15
  1287 | D:5      | Reached skill level 7 in Unarmed Combat
  1451 | D:5      | Reached skill level 2 in Conjurations
  1451 | D:5      | Reached skill level 2 in Hexes
  1451 | D:5      | Reached skill level 2 in Charms
  1451 | D:5      | Reached skill level 2 in Summonings
  1451 | D:5      | Reached skill level 2 in Necromancy
  1451 | D:5      | Reached skill level 2 in Translocations
  1451 | D:5      | Reached skill level 2 in Fire Magic
  1451 | D:5      | Reached skill level 2 in Ice Magic
  1451 | D:5      | Reached skill level 2 in Air Magic
  1451 | D:5      | Reached skill level 2 in Earth Magic
  1451 | D:5      | Reached skill level 2 in Poison Magic
  1592 | D:6      | Reached skill level 3 in Invocations
  1597 | D:6      | Got a translucent dagger
  1598 | D:6      | Identified the +8 dagger "Mivequ Tim" {chaos, *Drain +Blink rN+++ Str+3} (You found it on level 6 of the Dungeon)
  1643 | D:6      | Found a staircase to the Ecumenical Temple.
  1651 | D:6      | Reached XP level 8. HP: 26/60 MP: 11/16
  1661 | Temple   | Entered the Ecumenical Temple
  1666 | Temple   | Became a worshipper of Cheibriados the Contemplative
  1714 | D:5      | Reached skill level 4 in Fighting
  1718 | D:5      | Reached skill level 3 in Short Blades
  1718 | D:5      | Reached skill level 3 in Long Blades
  1718 | D:5      | Reached skill level 3 in Axes
  1718 | D:5      | Reached skill level 3 in Maces & Flails
  1718 | D:5      | Reached skill level 3 in Polearms
  1718 | D:5      | Reached skill level 3 in Staves
  1718 | D:5      | Reached skill level 3 in Slings
  1718 | D:5      | Reached skill level 3 in Bows
  1718 | D:5      | Reached skill level 3 in Crossbows
  1718 | D:5      | Reached skill level 3 in Throwing
  1718 | D:5      | Reached skill level 3 in Armour
  1718 | D:5      | Reached skill level 3 in Stealth
  1718 | D:5      | Reached skill level 3 in Shields
  1718 | D:5      | Reached skill level 3 in Evocations
  1826 | D:7      | Gained mutation: You are weak. (Str -2) [potion of mutation]
  1826 | D:7      | Gained mutation: You are resistant to electric shocks. (rElec) [potion of mutation]
  1975 | D:7      | Reached skill level 6 in Spellcasting
  2045 | D:8      | Reached * piety under Cheibriados
  2058 | D:9      | Found a staircase to the Orcish Mines.
  2064 | Orc:1    | Entered Level 1 of the Orcish Mines
  2064 | Orc:1    | Noticed an orc high priest
  2097 | D:8      | Found a staircase to the Lair.
  2099 | D:8      | Noticed a hippogriff
  2220 | D:8      | Reached skill level 4 in Invocations
  2261 | D:8      | Reached skill level 3 in Conjurations
  2261 | D:8      | Reached skill level 3 in Hexes
  2261 | D:8      | Reached skill level 3 in Charms
  2261 | D:8      | Reached skill level 3 in Summonings
  2261 | D:8      | Reached skill level 3 in Necromancy
  2261 | D:8      | Reached skill level 3 in Translocations
  2261 | D:8      | Reached skill level 3 in Fire Magic
  2261 | D:8      | Reached skill level 3 in Ice Magic
  2261 | D:8      | Reached skill level 3 in Air Magic
  2261 | D:8      | Reached skill level 3 in Earth Magic
  2261 | D:8      | Reached skill level 3 in Poison Magic
  2261 | D:8      | Reached XP level 9. HP: 41/66 MP: 14/18
  2318 | D:8      | Noticed a two-headed ogre
  2328 | D:8      | Killed a two-headed ogre
  2328 | D:8      | Reached skill level 4 in Short Blades
  2328 | D:8      | Reached skill level 4 in Long Blades
  2328 | D:8      | Reached skill level 4 in Axes
  2328 | D:8      | Reached skill level 4 in Maces & Flails
  2328 | D:8      | Reached skill level 4 in Polearms
  2328 | D:8      | Reached skill level 4 in Staves
  2328 | D:8      | Reached skill level 4 in Slings
  2328 | D:8      | Reached skill level 4 in Bows
  2328 | D:8      | Reached skill level 4 in Crossbows
  2328 | D:8      | Reached skill level 4 in Throwing
  2328 | D:8      | Reached skill level 4 in Armour
  2328 | D:8      | Reached skill level 6 in Dodging
  2328 | D:8      | Reached skill level 4 in Stealth
  2328 | D:8      | Reached skill level 4 in Shields
  2328 | D:8      | Reached skill level 5 in Transmutations
  2328 | D:8      | Reached skill level 4 in Evocations
  2336 | D:8      | Reached skill level 5 in Fighting
  2368 | D:8      | Found Yzxoticy's Magic Scroll Emporium.
  2420 | D:8      | Reached skill level 8 in Unarmed Combat
  2579 | D:7      | Reached skill level 5 in Invocations
  2641 | D:4      | Bought a book of Necromancy for 300 gold pieces
  2645 | D:4      | Learned a level 3 spell: Regeneration
  2651 | D:4      | Learned a level 4 spell: Animate Dead
  2657 | D:4      | Learned a level 5 spell: Blade Hands
  2786 | D:7      | Reached ** piety under Cheibriados
  2876 | D:7      | Reached skill level 7 in Spellcasting
  2876 | D:7      | Reached XP level 10. HP: 58/74 MP: 20/20
  2884 | D:7      | Reached skill level 4 in Conjurations
  2884 | D:7      | Reached skill level 4 in Hexes
  2884 | D:7      | Reached skill level 4 in Charms
  2884 | D:7      | Reached skill level 4 in Summonings
  2884 | D:7      | Reached skill level 4 in Necromancy
  2884 | D:7      | Reached skill level 4 in Translocations
  2884 | D:7      | Reached skill level 4 in Fire Magic
  2884 | D:7      | Reached skill level 4 in Ice Magic
  2884 | D:7      | Reached skill level 4 in Air Magic
  2884 | D:7      | Reached skill level 4 in Earth Magic
  2884 | D:7      | Reached skill level 4 in Poison Magic
  2899 | D:7      | HP: 7/74 [poisoned by an orc wizard]
  2912 | D:7      | HP: 7/74 [poisoned by an orc wizard]
  2919 | D:7      | Quit the game

Vault maps used:
D:1:      elethiomel_arrival_shortcut, minmay_domino_4
D:3:      minivault_5
D:4:      lemuel_doored_altar, first_ration, serial_shops, nicolae_shop_trees,
          nicolae_shop_behind_doors, shop, nicolae_shop_stone
D:6:      minmay_temple_entry_purple_smoke
D:8:      dpeg_oklobed_lair, serial_shops, shop
D:9:      orc_0_dummy, uniq_pikel
Temple:   compressed_dpeg_triangle_lava_temple

Skill      XL: |  1  2  3  4  5  6  7  8  9 10 |
---------------+-------------------------------+-----
Spellcasting   | 5 6 7 |  7.0
Invocations    | 1 2 3 4 5 |  5.3
Short Blades   | 1 2 3 4 |  4.8
Long Blades    | 1 2 3 4 |  4.8
Axes           | 1 2 3 4 |  4.8
Maces & Flails | 1 2 3 4 |  4.8
Polearms       | 1 2 3 4 |  4.8
Staves         | 1 2 3 4 |  4.8
Slings         | 1 2 3 4 |  4.8
Bows           | 1 2 3 4 |  4.8
Crossbows      | 1 2 3 4 |  4.8
Throwing       | 1 2 3 4 |  4.8
Armour         | 1 2 3 4 |  4.8
Stealth        | 1 2 3 4 |  4.8
Shields        | 1 2 3 4 |  4.8
Evocations     | 1 2 3 4 |  4.8
Conjurations   | 1 2 3 4 |  4.0
Hexes          | 1 2 3 4 |  4.0
Charms         | 1 2 3 4 |  4.0
Summonings     | 1 2 3 4 |  4.0
Necromancy     | 1 2 3 4 |  4.0
Translocations | 1 2 3 4 |  4.0
Fire Magic     | 1 2 3 4 |  4.0
Ice Magic      | 1 2 3 4 |  4.0
Air Magic      | 1 2 3 4 |  4.0
Earth Magic    | 1 2 3 4 |  4.0
Poison Magic   | 1 2 3 4 |  4.0
Fighting       | 3 4 5 |  5.5
Transmutations | 4 5 |  5.6
Dodging        | 5 6 |  6.7
Unarmed Combat | 7 8 |  8.2

Action                   |  1- 3 |  4- 6 |  7- 9 | 10-12 || total
-------------------------+-------+-------+-------+-------++-------
Melee: Unarmed           |    65 |    73 |   206 |     9 ||   353
       Headbutt          |     2 |       |       |       ||     2
       Bite              |     3 |       |     2 |       ||     5
       Kick              |     2 |       |       |       ||     2
       Punch             |     1 |       |     1 |       ||     2
       Dagger            |       |       |    18 |       ||    18
 Cast: Beastly Appendage |     9 |       |       |       ||     9
       Sticks to Snakes  |     3 |     7 |    29 |       ||    39
       Spider Form       |     9 |     7 |    29 |       ||    45
       Regeneration      |       |       |     1 |       ||     1
 Abil: End Transformatio |       |       |       |     1 ||     1
Evoke: Wand              |     2 |       |     4 |       ||     6
  Use: Scroll            |     4 |     1 |    12 |       ||    17
       Potion            |       |     1 |    10 |     5 ||    16
 Stab: Sleeping          |     1 |     4 |     8 |       ||    13
       Distracted        |       |     1 |     2 |       ||     3
  Eat: Chunk             |       |     2 |     6 |       ||     8
Armor: Robe              |     3 |       |     3 |       ||     6
       Skin              |       |     2 |     6 |       ||     8
Dodge: Dodged            |    41 |    67 |   217 |     8 ||   333

Table legend:
 A = Spawn XP
 B = Non-spawn XP
 C = Spawn XP percentage of total XP
 D = Spawn monster count
 E = Non-spawn monster count
 F = Spawn count percentage of total count
 G = Total turns spent on level
                    A         B        C        D         E        F      G
               +---------+---------+-------+---------+---------+-------+---------
         Total |       0 |    5010 |   0.0 |       0 |     135 |   0.0 |  2919
               +---------+---------+-------+---------+---------+-------+---------
           D:1 |       0 |      48 |   0.0 |       0 |      23 |   0.0 |   347
           D:2 |       0 |      14 |   0.0 |       0 |       9 |   0.0 |   239
           D:3 |       0 |      15 |   0.0 |       0 |       7 |   0.0 |   221
           D:4 |       0 |     446 |   0.0 |       0 |      21 |   0.0 |   516
           D:5 |       0 |     435 |   0.0 |       0 |      17 |   0.0 |   393
           D:6 |       0 |     345 |   0.0 |       0 |      10 |   0.0 |   266
           D:7 |       0 |    1284 |   0.0 |       0 |      20 |   0.0 |   360
           D:8 |       0 |    2380 |   0.0 |       0 |      26 |   0.0 |   539
           D:9 |       0 |      43 |   0.0 |       0 |       2 |   0.0 |    24
               +---------+---------+-------+---------+---------+-------+---------

Table legend:
 A = Turns spent in this place as a percentage of turns spent in the entire game.
 B = Non-inter-level travel turns spent in this place as a percentage of non-inter-level travel turns spent in the entire game.
 C = Inter-level travel turns spent in this place as a percentage of turns spent in this place.
 D = Turns resting spent in this place as a percentage of non-inter-level travel turns spent in this place.
 E = Turns spent auto-exploring this place as a percentage of non-inter-level travel turns spent in this place.
 F = Non-inter-level travel turns spent in this place divided by the number of levels of this place that you've seen.
                   A       B       C       D       E      F
               +-------+-------+-------+-------+-------+----------------------
         Total | 100.0 | 100.0 |   3.4 |   0.0 |   0.7 | 256.4
       Dungeon |  99.5 |  99.5 |   3.4 |   0.0 |   0.7 | 311.8
        Temple |   0.4 |   0.4 |   0.0 |   0.0 |   0.0 |  12.0
  Orcish Mines |   0.1 |   0.1 |   0.0 |   0.0 |   0.0 |   2.0
               +-------+-------+-------+-------+-------+----------------------

Table legend:
 A = Kills in this place as a percentage of kills in entire the game.
 B = Kills by you in this place as a percentage of kills by you in the entire game.
 C = Kills by friends in this place as a percentage of kills by friends in the entire game.
 D = Other kills in this place as a percentage of other kills in the entire game.
 E = Experience gained in this place as a percentage of experience gained in the entire game.
 F = Experience gained in this place divided by the number of levels of this place that you have seen.
                   A       B       C       D       E      F
               +-------+-------+-------+-------+-------+----------------------
         Total | 100.0 | 100.0 | 100.0 |   N/A | 100.0 | 455.5
       Dungeon | 100.0 | 100.0 | 100.0 |   N/A | 100.0 | 556.7
               +-------+-------+-------+-------+-------+----------------------

Vault maps used:
D:1:      elethiomel_arrival_shortcut, minmay_domino_4
D:3:      minivault_5
D:4:      lemuel_doored_altar, first_ration, serial_shops, nicolae_shop_trees,
          nicolae_shop_behind_doors, shop, nicolae_shop_stone
D:6:      minmay_temple_entry_purple_smoke
D:8:      dpeg_oklobed_lair, serial_shops, shop
D:9:      orc_0_dummy, uniq_pikel
Temple:   compressed_dpeg_triangle_lava_temple
